 Dungeon Crawl Stone Soup version 0.28-a0-533-g9f97627e2a (webtiles) character file.

Game seed: 5361072198608802768

853 miscthings the Magician (level 8, -10/50 HPs)
             Began as a Djinni Conjurer on Sept 26, 2021.
             Blown up by a gnoll (27 damage)
             ... with a mindburst bolt
             ... on level 5 of the Dungeon.
             The game lasted 00:10:39 (6473 turns).

miscthings the Magician (Djinni Conjurer)           Turns: 6473, Time: 00:10:39

Health: -10/50     AC:  7    Str: 12    XL:     8   Next: 21%
Gold:   177        EV: 12    Int: 23    God:
                   SH:  5    Dex: 11

rFire   + + .      SeeInvis .   f - staff of death
rCold   x . .      Faith    .   (no shield)
rNeg    + . .      Spirit   .   r - +2 animal skin
rPois   ∞          Reflect  +   s - +0 helmet
rElec   .          Harm     .   d - +0 cloak
rCorr   .          Rampage  .   t - +0 pair of gloves
Will    .....                   (boots unavailable)
Stlth   +.........              j - amulet of reflection
HPRegen 0.16/turn               u - +6 ring of strength
MPRegen 0.00/turn               (no ring)

@: lit by a corona, about to teleport, flying, glowing, studying Long Blades
A: sickness immunity, fire resistance 2, cold vulnerability 1, float, innate
caster, hp casting, extra vitality 1
a: no special abilities


You were on level 5 of the Dungeon.
You visited 1 branch of the dungeon, and saw 5 of its levels.

You collected 177 gold pieces.

Inventory:

Missiles
 v - 3 throwing nets
Armour
 d - a +0 cloak (worn)
 i - a +2 scale mail of fire resistance
 r - a +2 animal skin (worn)
 s - a +0 helmet (worn)
 t - a +0 pair of gloves (worn)
Magical Staves
 f - a staff of death (weapon)
Jewellery
 j - an amulet of reflection (around neck)
 u - a +6 ring of strength (left hand)
 w - a ring of positive energy
Wands
 n - a wand of iceblast (6)
 p - a wand of paralysis (10)
Scrolls
 b - a scroll of teleportation
 k - a scroll of immolation {unknown}
 l - a scroll of enchant weapon
Potions
 a - a potion of invisibility
 c - a potion of resistance
 e - a potion of mutation
 g - a potion of ambrosia
 h - a potion of degeneration {unknown}
 m - 2 potions of haste
 o - 2 potions of flight {unknown}
 q - 2 potions of curing {unknown}


   Skills:
 - Level 2.1 Dodging
 - Level 1.5 Stealth
 + Level 7.5 Spellcasting


You had 2 spell levels left.
You knew the following spells:

 Your Spells              Type           Power      Damage    Failure   Level
a - Searing Ray           Conj           86%        2d7       1%          2
b - Magic Dart            Conj           100%       1d8       1%          1
c - Dazzling Flash        Conj/Hex       86%        N/A       1%          3
d - Fulminant Prism       Conj/Hex       21%        3d13      3%          4
e - Iskenderun's Mystic   Conj/Tloc      43%        2d10      3%          4
f - Pain                  Necr           100%       1d9       1%          1
g - Static Discharge      Conj/Air       43%        N/A       1%          2
h - Gell's Gravitas       Tloc           21%        N/A       1%          3
Your spell library was empty.

Dungeon Overview and Level Annotations

Branches:
Dungeon (5/15)
 Temple: D:4-7

Altars:
Cheibriados
Dithmenos
Nemelex Xobeh
Qazlal
Sif Muna

Annotations:
D:5 1 transporter, RepHenryClay's ghost, weakling DsDe


Innate Abilities, Weirdness & Mutations

You are immune to sickness and miasma.
You are immune to poison.
Your flesh is very heat resistant. (rF++)
You are vulnerable to cold. (rC-)
You float through the air rather than walking.
You learn spells naturally, not from books.
Your magical power is your life essence.
You have superior vitality. (+4 HP)


Message History

Okay, then.
Casting: Searing Ray (safe; 1% risk of failure)
Confirm with . or Enter, or press ? or * to list all spells.
You erupt in a blast of force!
The mystic blast hits the gnoll!
The gnoll is heavily wounded.
The gnoll is knocked back by the mystic blast.
The mystic blast hits the gnoll shaman.
The gnoll shaman is lightly wounded.
The gnoll shaman is knocked back by the mystic blast.
The gnoll shaman collides with the gnoll!
You hear a shout!
The gnoll shaman hits you but does no damage.
The gnoll shaman calls down the wrath of its god upon you.
You are outlined in light.
You see here 25 sling bullets.
The gnoll misses you.
There is an open translucent door here.
The gnoll shouts!
Found a manual of Throwing.
The gnoll shouts!
The gnoll sergeant shouts!
The gnoll zaps a wand.
Your mind is blasted!
The gnoll shaman calls upon its god to heal the gnoll.
The gnoll is healed somewhat.
Press: ? - help, v - describe, . - travel
Here: a gnoll, wielding a +0 flail and carrying a wand of mindburst (16)
The floor.
Aiming: Iceblast
Press: ? - help, Shift-Dir - straight line, f - gnoll
Aim: a gnoll, wielding a +0 flail and carrying a wand of mindburst (16)
The mass of ice explodes!
The iceblast engulfs the gnoll!
The gnoll is severely wounded.
The iceblast engulfs the gnoll!
You kill the gnoll!
The iceblast engulfs the gnoll shaman!
The gnoll shaman is severely wounded.
The gnoll hits you with a +1 flail of protection!
As you read the scroll of teleportation, it crumbles to dust.
You feel strangely unstable.
The gnoll zaps a wand.
Your mind is blasted!
Ouch! That really hurt!
You die...

#.# #.≈≈≈≈≈≈≈≈≈≈≈≈≈≈≈≈≈.# #.#
#.≈≈≈≈≈≈≈≈≈≈≈≈≈≈≈≈≈.#### #.#
#.≈≈####.....####≈≈.#... #.#
#.≈≈#..#8###8#..#≈≈...## #.#
#.≈≈#..###.###..#≈≈..## #(#
#.≈≈#...........#≈≈.## #.#
#.≈≈###W##'##.###≈≈.#### #.#
#.≈≈..#g#...#.#..≈≈.....
#.###.≈≈.##@#...#.##(≈≈.####
######.....≈≈.#..#.:)#..#.≈≈.#
........##.≈≈.##g#####.##.≈≈)#
#.#####.#..≈≈..#g#8⌠8#.#.....#
..>........≈≈.©#)g(©.g.#©....#
#.#####.#..≈≈..#.#...#g#.....#
.## #.#..≈≈.##.##.##.##.≈≈.#
.# ##.#..≈≈.#©.#...#.g#.≈≈.#
.#####.#...≈≈.##.#⌠.⌠#.##.≈≈.#


You could see a gnoll shaman, RepHenryClay's ghost and 3 gnolls.

Vanquished Creatures
  2 ogres
  A bullfrog zombie (D:5)
  A centaur skeleton (D:5)
  A jelly (D:4)
  A bullfrog skeleton (D:4)
  A gnoll shaman (D:4)
  3 hounds
  2 orc priests (D:5)
  Ijyb (D:3)
  Terence (D:2)
  An orc wizard (D:5)
  A mummy (D:4)
  A hound skeleton (D:5)
  Robin (D:3)
  10 gnolls
  6 adders
  2 worms
  2 dart slugs
  13 orcs
  4 ball pythons
  10 endoplasms
  A giant cockroach (D:1)
  7 hobgoblins
  5 jackals
  3 quokkas
  4 bats
  16 frilled lizards
  17 goblins
  4 kobolds
  5 rats
127 creatures vanquished.

Vanquished Creatures (others)
  9 fulminant prisms
  11 plants
20 creatures vanquished.

Grand Total: 147 creatures vanquished

Notes
Turn   | Place    | Note
-------+----------+-------------------------------------------
     0 | D:1      | miscthings the Djinni Conjurer began the quest for the Orb.
     0 | D:1      | Reached XP level 1. HP: 15/15 MP: 0/0
   228 | D:1      | Reached XP level 2. HP: 14/21 MP: 0/0
   769 | D:1      | Reached XP level 3. HP: 23/25 MP: 0/0
   769 | D:1      | Learned a level 1 spell: Pain
  1071 | D:2      | Reached skill level 4 in Spellcasting
  1091 | D:2      | Noticed Robin
  1795 | D:2      | Noticed Terence
  1799 | D:2      | Reached XP level 4. HP: 29/31 MP: 0/0
  1848 | D:2      | Killed Terence
  2833 | D:3      | Found a faded altar of an unknown god.
  2836 | D:3      | Reached XP level 5. HP: 32/35 MP: 0/0
  2836 | D:3      | Learned a level 2 spell: Static Discharge
  2865 | D:3      | Noticed Ijyb
  2871 | D:3      | Killed Ijyb
  3041 | D:3      | Reached skill level 5 in Spellcasting
  3091 | D:3      | Killed Robin
  3704 | D:3      | Found a shadowy altar of Dithmenos.
  3706 | D:3      | Found a sparkling altar of Nemelex Xobeh.
  3709 | D:3      | Found a stormy altar of Qazlal.
  4293 | D:4      | Reached XP level 6. HP: 36/40 MP: 0/0
  4802 | D:4      | Noticed an ogre
  4810 | D:4      | Killed an ogre
  4811 | D:4      | Reached skill level 6 in Spellcasting
  4811 | D:4      | Reached XP level 7. HP: 32/45 MP: 0/0
  4811 | D:4      | Learned a level 3 spell: Gell's Gravitas
  5389 | D:4      | Found a snail-covered altar of Cheibriados.
  5554 | D:5      | Entered Level 5 of the Dungeon
  5805 | D:5      | Reached skill level 7 in Spellcasting
  5984 | D:5      | Found a transporter.
  6021 | D:5      | Reached XP level 8. HP: 42/50 MP: 0/0
  6148 | D:5      | Found a transporter.
  6160 | D:5      | Identified the +1 kite shield of Cowardice {Slay+3}
  6160 | D:5      | Noticed RepHenryClay's ghost (weakling DsDe)
  6473 | D:5      | Blown up by a gnoll

Illustrated notes

Levels and vault maps discovered:
D:1:      amcnicky_arrival_feature_with_door, layout_basic
D:2:      layout_loops_corners, minmay_lizard_king, uniq_terence, uniq_robin
D:3:      layout_basic, minitemple, hellmonk_ecumenical_altar_arch_garden,
          uniq_ijyb
D:4:      layout_basic, chei_slow_surprise
D:5:      layout_loops_ring, gammafunk_ghost_gnarly_gnolls

Skill      XL: |  1  2  3  4  5  6  7 |
---------------+----------------------+-----
Spellcasting   | 4 5 6 7 |  7.5
Dodging        | |  2.1
Stealth        | |  1.5

Action                   |  1- 3 |  4- 6 |  7- 9 || total
-------------------------+-------+-------+-------++-------
Melee: Staff             |       |     1 |       ||     1
 Cast: Magic Dart        |    14 |       |       ||    14
       Searing Ray       |    25 |    51 |    24 ||   100
       Fulminant Prism   |       |     4 |     5 ||     9
       Iskenderun's Myst |       |     3 |     2 ||     5
Evoke: Wand              |       |       |     1 ||     1
  Use: Scroll            |       |     2 |     6 ||     8
Armor: Robe              |     4 |     3 |       ||     7
       Animal skin       |       |     3 |    10 ||    13
Dodge: Dodged            |     2 |    19 |    24 ||    45
Block: Other             |       |     3 |     7 ||    10

Table legend: (Time is in decaauts)
 A = Elapsed time spent in this place.
 B = Non-inter-level travel time spent in this place.
 C = Inter-level travel time spent in this place.
 D = Time resting spent in this place.
 E = Time spent auto-exploring this place.
 F = Levels seen in this place.
 G = Mean time per level.
                   A        B        C        D        E       F      G
               +--------+--------+--------+--------+--------+-----+--------+
         Total |   6473 |   6243 |    230 |   2235 |   3073 |   5 | 1294.6 |
       Dungeon |   6473 |   6243 |    230 |   2235 |   3073 |   5 | 1294.6 |
               +--------+--------+--------+--------+--------+-----+--------+

Top non-repeatable levels by time:
     D:4: 1522 daAuts
     D:2: 1402 daAuts
     D:1: 1374 daAuts
     D:3: 1255 daAuts
     D:5: 918 daAuts
